Map: Shrines of Lizul

Players

HerfJones - Winner!

  • Race: Terran Terran
  • Spawn Location: 12:00

Throwfordays - Winner!

  • Race: Terran Terran
  • League: Bronze
  • Spawn Location: 3:00

VOD

Have the link to the VOD?

Description

Time

  • Played on: Jan. 25, 2019, 2:35 p.m.
  • Length: 35:41
Show
View Real Time Build Order
Export as new Build Order

HerfJones Terran - Winner!

Build Orders:  

Get SALT Encoding   

  12  0:04  SCV  
  13  0:28  SCV, Supply Depot  
  14  1:01  Supply Depot  
  14  1:20  SCV  
  15  1:34  Supply Depot  
  15  1:37  SCV  
  16  1:49  Refinery  
  16  1:54  SCV  
  17  2:08  Supply Depot  
  17  2:11  SCV  
  18  2:28  SCV  
  19  2:45  SCV  
  20  3:09  Refinery  
  20  3:24  SCV  
  21  3:41  SCV  
  22  3:58  SCV  
  23  4:30  Barracks  
  23  5:01  SCV  
  24  5:18  SCV  
  25  5:39  Command Center  
  25  6:04  Supply Depot, SCV  
  26  6:15  Barracks Reactor  
  26  6:21  SCV  
  27  6:37  Factory  
  27  6:38  SCV  
  28  6:42  Supply Depot  
  28  6:55  SCV  
  29  7:12  Refinery, SCV  
  29  7:19  Refinery  
  30  7:23  Engineering Bay  
  30  7:28  Reaper x2  
  30  7:29  SCV  
  33  7:35  Barracks  
  33  7:46  SCV  
  33  7:47  Factory Tech Lab  
  35  8:13  Reaper x2  
  33  8:58  Reaper x2  
  33  9:34  Planetary Fortress  
  33  9:36  Orbital Command  
  35  9:43  Reaper x2  
  31  10:23  Siege Tank  
  31  10:28  Reaper x2  
  36  10:41  SCV  
  37  11:08  Siege Tank  
  42  11:13  Reaper x2  
  42  11:46  Terran Infantry Weapons Level 1  
  42  11:53  Siege Tank  
  42  11:58  Reaper x2  
  47  12:06  SCV  
  48  12:11  SCV  
  49  12:23  SCV  
  49  12:28  SCV  
  51  12:38  Marine, Siege Tank  
  56  12:40  SCV  
  56  12:43  Reaper  
  56  12:45  SCV  
  58  12:57  SCV  
  59  13:01  SCV  
  59  13:03  Marine  
  61  13:14  SCV  
  61  13:18  SCV, Barracks Tech Lab  
  63  13:23  Marine, Siege Tank  
  63  13:28  Marine  
  68  13:48  Marine  
  69  13:53  Marine  
  70  14:08  Siege Tank  
  73  14:12  Supply Depot  
  75  14:26  Terran Infantry Armor Level 1  
  75  14:33  Unknown  
  73  15:30  Barracks  
  73  16:19  Armory  
  73  16:23  Stimpack  
  73  16:39  Infernal Pre-Igniter  
  73  16:40  Supply Depot  
  73  16:51  Supply Depot  
  73  16:59  Supply Depot  
  73  17:19  Barracks Reactor  
  73  17:36  Thor  
  79  17:54  Terran Vehicle Weapons Level 1  
  79  18:12  Marine  
  79  18:13  Marine  
  79  18:15  Siege Tank  
  79  18:16  Siege Tank x2  
  79  18:17  Siege Tank  
  79  18:18  Siege Tank  
  81  18:24  Marine  
  81  18:26  Structure Armor  
  82  18:36  Thor  
  82  18:37  Marine  
  82  18:38  Marine  
  90  18:49  Marine  
  91  19:13  Concussive Shells  
  91  19:14  Marine  
  92  19:35  Marine  
  92  19:36  Marine, Thor  
  92  19:39  Marine  
  101  19:46  Hi-Sec Auto Tracking  
  101  19:50  Supply Depot  
  101  19:56  Supply Depot  
  101  19:59  Unknown  
  101  20:00  Marine  
  101  20:01  Marine  
  101  20:02  Supply Depot  
  101  20:04  Marine  
  104  20:11  Supply Depot  
  104  20:15  Supply Depot  
  104  20:19  Thor, Supply Depot  
  104  20:20  Thor  
  104  20:24  Siege Tank  
  104  20:25  Marine  
  104  20:26  Marine  
  104  20:28  Siege Tank  
  104  20:29  Siege Tank x2  
  106  20:30  Siege Tank  
  106  20:34  Terran Vehicle And Ship Armor Level 1  
  106  20:36  Thor  
  112  20:42  Siege Tank  
  112  20:50  Marine  
  112  20:51  Marine  
  114  21:15  Marine  
  114  21:16  Marine  
  116  21:36  Thor  
  118  21:40  Marine x2  
  115  22:05  Marine x2  
  82  23:34  Unknown  
  68  24:07  Marine x2  
  70  24:10  Marine  
  70  24:16  Thor  
  77  24:29  Terran Vehicle Weapons Level 2  
  77  24:32  Marine x2  
  77  24:35  Marine  
  71  24:56  Marine  
  71  24:57  Marine  
  71  24:59  Marine  
  74  25:16  Thor  
  80  25:21  Marine  
  80  25:22  Marine  
  80  25:24  Marine  
  74  25:46  Marine  
  74  25:47  Marine  
  74  25:49  Marine  
  77  26:11  Marine  
  77  26:12  Marine  
  77  26:14  Marine  
  77  26:15  Thor  
  86  26:36  Marine x2  
  86  26:38  Supply Depot  
  86  26:39  Marine  
  89  26:43  Supply Depot  
  89  26:46  Supply Depot  
  89  26:50  Command Center  
  89  27:01  Marine  
  89  27:04  Marine  
  91  27:14  Marine  
  91  27:15  Thor  
  98  27:26  Marine  
  98  27:29  Marauder  
  101  27:30  Refinery  
  101  27:37  Refinery  
  101  27:39  Marine  
  102  27:51  Marine  
  102  27:59  Marauder  
  105  28:04  Marine  
  105  28:09  Terran Vehicle And Ship Armor Level 2  
  106  28:15  Thor  
  106  28:16  Marine  
  113  28:29  Marine, Marauder  
  116  28:59  Marauder  
  118  29:15  Thor  
  124  30:15  Thor  
  129  31:15  Thor  
  129  31:19  Terran Ship Weapons Level 1  
Show
View Real Time Build Order
Export as new Build Order

Throwfordays Terran - Winner!

Build Orders:  

Get SALT Encoding   

  12  0:02  SCV  
  13  0:19  SCV  
  14  0:27  Supply Depot  
  14  0:41  SCV  
  15  0:58  SCV  
  16  1:05  Barracks  
  16  1:14  Refinery  
  16  1:15  SCV  
  17  1:20  Refinery  
  17  1:32  SCV  
  18  1:49  SCV  
  19  2:21  Barracks Tech Lab  
  19  2:26  Supply Depot  
  19  2:37  SCV  
  20  2:51  Marine  
  20  2:54  SCV  
  20  2:57  Supply Depot  
  22  3:11  SCV  
  22  3:16  Marine  
  24  3:40  SCV  
  24  3:41  Marine  
  24  3:43  Command Center  
  26  4:00  SCV  
  26  4:06  Marine  
  28  4:17  SCV  
  29  4:25  Factory  
  29  4:31  Marine  
  29  4:34  SCV  
  31  4:43  Engineering Bay  
  31  5:03  Engineering Bay  
  31  5:08  Unknown  
  31  5:12  Orbital Command  
  31  5:20  Terran Infantry Weapons Level 1  
  31  5:33  Armory  
  31  5:44  Barracks  
  31  5:52  Factory Tech Lab  
  31  5:59  Terran Infantry Armor Level 1  
  31  6:05  SCV  
  32  6:18  SCV  
  33  6:22  SCV  
  34  6:32  Marine  
  34  6:35  SCV  
  34  6:39  SCV  
  37  6:47  Supply Depot  
  37  6:52  SCV  
  37  6:56  SCV, Supply Depot  
  37  6:57  Marine  
  40  7:08  SCV  
  41  7:13  SCV  
  42  7:20  Stimpack  
  42  7:22  Marine  
  42  7:25  SCV  
  42  7:27  Supply Depot  
  44  7:32  SCV  
  45  7:47  Marine  
  45  7:49  SCV  
  47  8:08  Command Center  
  47  8:12  Marine  
  48  8:36  Marine  
  49  8:50  Supply Depot  
  49  9:01  Marine  
  43  9:26  Marauder  
  45  9:41  Supply Depot  
  45  9:42  Barracks Reactor  
  45  9:55  Barracks  
  45  9:56  Barracks, Marauder  
  47  10:02  SCV  
  47  10:04  SCV  
  49  10:19  SCV  
  50  10:21  SCV  
  50  10:26  Marauder  
  48  10:36  SCV  
  48  10:38  SCV  
  48  10:42  Marine x2  
  48  10:53  SCV  
  48  10:55  SCV  
  48  10:56  Marauder  
  51  11:07  Marine x2  
  51  11:09  SCV  
  49  11:12  SCV  
  49  11:18  Terran Infantry Weapons Level 2  
  69  11:20  Terran Infantry Armor Level 2  
  50  11:26  Marauder  
  51  11:32  Marine x2  
  53  11:49  SCV  
  54  11:54  Refinery  
  54  11:56  Marine x2  
  54  11:57  Marine  
  54  11:58  SCV  
  58  12:00  Refinery  
  58  12:03  Refinery  
  58  12:06  Refinery, SCV  
  59  12:10  Barracks Reactor x2  
  59  12:15  SCV  
  60  12:21  Marine  
  60  12:22  SCV  
  62  12:38  Starport  
  62  12:39  SCV  
  63  12:44  Factory  
  63  12:46  Marauder  
  65  12:56  SCV  
  66  13:13  SCV  
  66  13:16  Marauder  
  69  13:26  Terran Ship Weapons Level 1  
  69  13:29  Starport  
  69  13:30  SCV  
  69  13:36  SCV  
  71  13:46  Marauder  
  71  13:47  SCV, Starport Tech Lab  
  71  13:48  Factory  
  74  13:53  SCV  
  74  14:04  SCV  
  74  14:07  Factory Tech Lab  
  64  14:17  Marine x3  
  64  14:18  Marine x3  
  70  14:21  Starport  
  70  14:31  Starport Reactor  
  70  14:42  Marine x3  
  70  14:43  Marine x3  
  70  14:46  Marauder  
  70  15:00  Unknown  
  70  15:07  Marine x4  
  70  15:08  Marine x2  
  76  15:16  Marauder  
  78  15:22  Factory Reactor  
  78  15:32  Marine x4  
  78  15:33  Marine x2  
  78  15:36  Unknown  
  87  15:41  Starport Reactor  
  87  15:46  Marauder  
  87  15:49  Cloaking Field  
  89  15:58  Unknown  
  89  16:04  Fusion Core  
  89  16:09  Missile Turret  
  89  16:16  Marauder  
  91  16:36  Unknown  
  91  16:37  Missile Turret  
  91  16:39  Supply Depot  
  91  16:45  Marauder  
  93  17:07  Missile Turret  
  93  17:37  Missile Turret  
  87  18:06  Banshee  
  90  18:13  Missile Turret  
  102  18:38  Weapon Refit  
  102  18:47  Unknown  
  95  19:06  Banshee  
  98  19:18  Medivac, Unknown x3  
  98  19:19  Medivac, Unknown  
  108  19:58  Supply Depot  
  108  19:59  Terran Infantry Weapons Level 3  
  108  20:00  Terran Infantry Armor Level 3, Medivac  
  108  20:01  Medivac  
  108  20:02  Terran Ship Weapons Level 2  
  108  20:04  Supply Depot  
  112  20:18  Unknown x2  
  112  20:29  Unknown  
  112  20:30  SCV  
  113  20:47  SCV  
  114  21:04  SCV  
  109  21:48  Corvid Reactor  
  109  21:49  Unknown  
  109  22:34  Unknown  
  97  23:22  Viking x4  
  97  23:23  Viking  
  107  23:50  Supply Depot  
  107  23:52  Supply Depot  
  107  23:54  Supply Depot x2, Command Center  
  107  23:56  Terran Ship Weapons Level 3  
  107  23:57  Supply Depot  
  107  24:04  Viking x5  
  117  24:45  Viking  
  117  24:46  Viking x4  
  125  25:27  Viking  
  125  25:28  Viking x4, Unknown  
  132  26:10  Viking  
  132  26:44  Unknown  
  130  27:05  Unknown  
  119  27:58  Terran Vehicle Weapons Level 1  
  115  28:20  Hi-Sec Auto Tracking  
  109  29:21  Structure Armor  
  88  30:38  Cyclone x2  
  94  30:48  Marine x4  
  94  30:49  Marine x3  
  101  31:13  Marine x4  
  101  31:14  Marine x3  
  108  31:22  Cyclone  
  108  31:23  Cyclone  
  114  31:38  Marine x4  
  114  31:39  Marine x3  
  119  32:03  Marine x4  
  119  32:04  Marine x3  
  119  32:07  Cyclone  
  119  32:08  Cyclone  
  132  32:21  Unknown  
  132  32:29  Marine  
  125  32:52  Cyclone x2  
  123  33:37  Marine x2, Cyclone x2  
  123  33:38  Marine x5  
  136  33:48  Planetary Fortress  
  136  34:02  Marine x2  
  136  34:03  Marine x5  
  136  34:08  Unknown  
  143  34:21  Unknown  
  143  34:27  Marine x3  
  143  34:28  Marine x4  
  150  34:52  Marine x3  
  150  34:53  Marine x4  
Tags
 
League
Bronze
Matchup
Co-op
Replay Pack
Multiplayer
Add a new tag
Caveats
  • Supply blocks, unpowered buildings, or Contaminate may cause inaccurate times.
  • Supply counts are checked every 10 seconds.